 Dungeon Crawl Stone Soup version 0.23.2-1-ga50397a (webtiles) character file.

Game seed: 8218901694995630881

1337 Heatsaber the Vexing (level 8, -7/48 HPs)
             Began as a Deep Elf Conjurer on May 24, 2019.
             Killed from afar by an orc wizard (10 damage)
             ... with a magic dart
             ... on level 6 of the Dungeon on May 25, 2019.
             The game lasted 00:47:35 (5207 turns).

Heatsaber the Vexing (Deep Elf Conjurer)            Turns: 5207, Time: 00:47:36

Health: -7/48      AC:  6    Str:  5    XL:     8   Next: 35%
Magic:  1/19       EV: 13    Int: 23    God:
Gold:   269        SH:  0    Dex: 15    Spells: 8/19 levels left

rFire    . . .     SeeInvis .   B - +2 short sword (venom)
rCold    . . .     Gourm    .   (no shield)
rNeg     . . .     Faith    .   a - +0 robe
rPois    .         Spirit   .   C - +0 helmet
rElec    .         Reflect  .   s - +0 cloak
rCorr    .         Harm     .   i - +1 pair of gloves
MR       .....                  (no boots)
Stlth    ++........             (no amulet)
HPRegen  0.16/turn              (no ring)
MPRegen  0.16/turn              (no ring)

@: no status effects
A: no striking features
a: no special abilities


You were on level 6 of the Dungeon.
You were very hungry.

You visited 2 branches of the dungeon, and saw 7 of its levels.

You collected 269 gold pieces.

Inventory:

Hand Weapons
 e - a +0 club
 l - a +0 dagger
 r - a +4 quarterstaff of chaos
 w - a +1 antimagic dagger
 z - a +0 halberd of holy wrath
 B - a +2 short sword of venom (weapon)
Armour
 a - a +0 robe (worn)
 i - a +1 pair of gloves (worn)
 s - a +0 cloak (worn)
 u - a +0 shield
 C - a +0 helmet (worn)
Wands
 p - a wand of random effects (8)
 E - a wand of polymorph (5)
Scrolls
 d - 2 scrolls of amnesia {unknown}
 g - 3 scrolls of teleportation {unknown}
 j - 2 scrolls of enchant armour {unknown}
 k - 2 scrolls of magic mapping {unknown}
 n - 3 scrolls of enchant weapon {unknown}
 t - 9 scrolls of identify {unknown}
 y - 5 scrolls of remove curse {unknown}
 A - a scroll of fog {unknown}
 D - a scroll of vulnerability {unknown}
Potions
 b - 3 potions of curing
 f - 2 potions of mutation {unknown}
 h - 3 potions of degeneration {unknown}
 m - a potion of might {unknown}
 o - a potion of agility {unknown}
 q - a potion of lignification {unknown}
 v - 2 potions of brilliance {unknown}
Comestibles
 c - 11 rations


   Skills:
 + Level 4.9 Fighting
 - Level 2.4 Dodging
 + Level 3.6 Stealth
 - Level 6.0 Spellcasting
 - Level 6.0 Conjurations
 - Level 7.3 Hexes


You had 8 spell levels left.
You knew the following spells:

 Your Spells              Type           Power        Failure   Level  Hunger
a - Magic Dart            Conj           ####         1%          1    None
b - Searing Ray           Conj           ####..       1%          2    None
c - Fulminant Prism       Conj/Hex       #####.....   5%          4    ###....
d - Force Lance           Conj/Tloc      ###.....     24%         4    ###....

Your spell library contained the following spells:

 Spells                   Type           Power        Failure   Level  Hunger
 Confusing Touch          Hex            #####.       1%          1    None
 Dazzling Spray           Conj/Hex       #####.       1%          3    #......
 Iskenderun's Mystic Bla  Conj           ####....     7%          4    ###....
 Animate Skeleton         Necr           N/A          9%          1    None
 Apportation              Tloc           #.....       9%          1    None
 Summon Small Mammal      Summ           #...         9%          1    None


Dungeon Overview and Level Annotations

Branches:
Dungeon (6/15)             Temple (1/1) D:5

Altars:
Ashenzari
Cheibriados
Dithmenos
Elyvilon
Fedhas
Gozag
Hepliaklqana
Kikubaaqudgha
Makhleb
Nemelex Xobeh
Okawaru
Qazlal
Ru
Trog
Uskayaw
Vehumet
Wu Jian
Xom
Yredelemnul
Zin
The Shining One

Annotations:
D:6 Pikel


Message History

(Press . to maintain the ray.)
The phantom blinks!
The orc wizard casts a spell.
The orc wizard seems to speed up.
The searing ray misses Pikel.
Pikel barely misses you.
Without enough magic to sustain it, your searing ray dissipates.
Pikel hits you with a +2 whip of freezing.
* * * LOW HITPOINT WARNING * * *
Pikel freezes you.
* * * LOW HITPOINT WARNING * * *
The phantom blinks!
Pikel hits you but does no damage.
Okay, then.
The phantom blinks!
There is a stone staircase leading up here.
The orc wizard closely misses you.
Things that are here:
a +0 animal skin; a human corpse The orc wizard casts a spell at you.
The magic dart hits you!
You die...

..#.# #.####†.......
#.#o# #.......#####.
#.#.# ######[......#
#.#.# #..###.## #.#.#
#.[##.## #.#W#
#<.##..# ####.#.#
#Ko##.# .Y...o.#
#[[#..# ####F#.#
#.@..## # #§#o# ##.#.#
# #.#.# ######.#.# #
#.#.####..oF....#.#.#
#
#$..o...............#
#
###...o..##.......###
###########W#...##.###
..o.KF.§...o....##.#
###########....##$..


You could see Pikel and an orc wizard.

Vanquished Creatures
  A yak (D:4)
  4 slaves (D:6)
  2 ogres
  2 centaurs
  2 bullfrogs
  A scorpion (D:4)
  A howler monkey (D:4)
  A hound (D:4)
  3 bullfrog skeletons
  Crazy Yiuf (D:2)
  4 orc wizards
  2 iguanas
  Ijyb (D:5)
  4 worker ants (D:4)
  5 gnolls
  6 adders
  An ooze (D:1)
  4 worms
  2 dart slugs
  2 leopard geckos
  12 orcs
  A ball python (D:4)
  10 bats
  4 giant cockroaches
  5 goblins
  11 hobgoblins
  3 jackals (D:3)
  13 kobolds
  A quokka (D:4)
  4 frilled lizards
  7 rats
  A fulminant prism (D:6)
121 creatures vanquished.

Vanquished Creatures (others)
  30 fulminant prisms
30 creatures vanquished.

Grand Total: 151 creatures vanquished

Notes
Turn   | Place    | Note
-------+----------+-------------------------------------------
     0 | D:1      | Heatsaber the Deep Elf Conjurer began the quest for the
                  | Orb.
     0 | D:1      | Reached XP level 1. HP: 10/10 MP: 6/6
   132 | D:1      | Reached XP level 2. HP: 15/15 MP: 3/8
   195 | D:1      | Learned a level 2 spell: Searing Ray
   626 | D:1      | Reached skill level 5 in Conjurations
   626 | D:1      | Reached XP level 3. HP: 19/19 MP: 7/10
   882 | D:2      | Found a hazy altar of Hepliaklqana.
   997 | D:2      | Noticed an ogre
  1004 | D:2      | Killed an ogre
  1004 | D:2      | Reached skill level 5 in Spellcasting
  1004 | D:2      | Reached XP level 4. HP: 24/24 MP: 7/13
  1010 | D:2      | Learned a level 4 spell: Fulminant Prism
  1120 | D:2      | Found a runed translucent door.
  1121 | D:2      | Noticed Crazy Yiuf
  1133 | D:2      | Killed Crazy Yiuf
  1133 | D:2      | Reached skill level 1 in Hexes
  1133 | D:2      | Reached XP level 5. HP: 16/28 MP: 9/14
  1139 | D:2      | Learned a level 4 spell: Force Lance
  1424 | D:2      | Reached skill level 1 in Fighting
  1429 | D:2      | Reached skill level 2 in Hexes
  2179 | D:3      | Found a snail-covered altar of Cheibriados.
  2242 | D:3      | Reached XP level 6. HP: 31/34 MP: 13/15
  2330 | D:3      | Reached skill level 3 in Hexes
  2776 | D:4      | Reached skill level 4 in Hexes
  2961 | D:4      | Reached skill level 5 in Hexes
  2961 | D:4      | Reached XP level 7. HP: 41/41 MP: 8/16
  3454 | D:4      | Noticed a yak
  3468 | D:4      | Killed a yak
  3468 | D:4      | Reached skill level 6 in Hexes
  3967 | D:4      | Reached XP level 8. HP: 39/48 MP: 13/18
  4250 | D:5      | Entered Level 5 of the Dungeon
  4273 | D:5      | Found a shimmering altar of Xom.
  4274 | D:5      | Found a bloodstained altar of Trog.
  4275 | D:5      | Found a burning altar of Makhleb.
  4291 | D:5      | Reached skill level 7 in Hexes
  4504 | D:5      | Found a staircase to the Ecumenical Temple.
  4509 | Temple   | Entered the Ecumenical Temple
  4831 | D:5      | Noticed Ijyb
  4847 | D:5      | Killed Ijyb
  5121 | D:6      | Noticed Pikel
  5202 | D:6      | HP: 2/48 [Pikel/+2 whip of freezing (2)]
  5207 | D:6      | Killed from afar by an orc wizard

Skill      XL: |  1  2  3  4  5  6  7  8 |
---------------+-------------------------+-----
Spellcasting   | 4 5 6 |  6.0
Conjurations   | 5 6 |  6.0
Hexes          | 1 2 5 6 7 |  7.3
Fighting       | 1 3 4 |  4.9
Stealth        | 3 |  3.6
Dodging        | |  2.4

Action                   |  1- 3 |  4- 6 |  7- 9 || total
-------------------------+-------+-------+-------++-------
Melee: Unarmed           |     1 |       |     3 ||     4
       Club              |     4 |       |       ||     4
       Dagger            |       |    48 |       ||    48
       Short sword       |       |    12 |    35 ||    47
 Cast: Magic Dart        |    40 |    29 |    16 ||    85
       Searing Ray       |     3 |    16 |    11 ||    30
       Fulminant Prism   |       |    14 |    17 ||    31
       Force Lance       |       |       |     2 ||     2
Evoke: Wand              |       |       |     8 ||     8
 Stab: Sleeping          |       |     3 |     3 ||     6
  Eat: Chunk             |       |     9 |     5 ||    14
       Ration            |       |       |     1 ||     1
Armor: Robe              |     3 |    33 |    15 ||    51
Dodge: Dodged            |     6 |    49 |    41 ||    96
